 Dungeon Crawl Stone Soup version 0.27-a0-972-gd1521fd518 (webtiles) character file.

Game seed: 139615610626049272

208 Alarkh the Insei (level 5, 13/39 HPs)
             Began as a Demonspawn Transmuter on Apr 13, 2021.
             Got out of the dungeon alive.
             The game lasted 00:01:41 (1440 turns).

Alarkh the Insei (Demonspawn Transmuter)            Turns: 1440, Time: 00:01:42

Health: 13/39      AC:  2    Str: 10    XL:     5   Next: 55%
Magic:  9/9        EV: 14    Int: 15    God:
Gold:   69         SH:  0    Dex: 14    Spells: 5/9 levels left

rFire    . . .     SeeInvis .     - Unarmed
rCold    . . .     Faith    .   (no shield)
rNeg     . . .     Spirit   .   a - +0 robe
rPois    .         Reflect  .   (no helmet)
rElec    .         Harm     .   (no cloak)
rCorr    .         Rampage  .   (no gloves)
Will     .....                  (no boots)
Stlth    +.........             (no amulet)
HPRegen  0.13/turn              (no ring)
MPRegen  0.11/turn              (no ring)

@: no status effects
A: hooves 1, repulsion field 1, demonic guardian 1
a: no special abilities


You escaped.
You visited 1 branch of the dungeon, and saw 2 of its levels.

You collected 69 gold pieces.

Inventory:

Armour
 a - a +0 robe (worn)
Scrolls
 b - 2 scrolls of summoning {unknown}
 d - a scroll of magic mapping {unknown}
 e - a scroll of teleportation {unknown}
 f - a scroll of blinking {unknown}
Potions
 c - 2 potions of lignification
 g - a potion of invisibility {unknown}


   Skills:
 + Level 2.5 Fighting
 - Level 1.7 Dodging
 * Level 4.2 Unarmed Combat
 + Level 2.9 Spellcasting
 + Level 2.8 Transmutations


You had 5 spell levels left.
You knew the following spells:

 Your Spells              Type           Power      Damage    Failure   Level
a - Beastly Appendage     Tmut           20%        N/A       6%          1
b - Spider Form           Tmut/Pois      3%         N/A       34%         3

Your spell library contained the following spells:

 Spells                   Type           Power      Damage    Failure   Level
 Wereblood                Tmut           10%        N/A       10%         2
 Ice Form                 Ice/Tmut       6%         N/A       75%         4
 Hydra Form               Tmut           5%         N/A       87%         5


Dungeon Overview and Level Annotations

Branches:
Dungeon (2/15)

Altars:

Shops:
D:1 [

Annotations:
D:2 Natasha


Innate Abilities, Weirdness & Mutations

You have large cloven feet.
You are surrounded by a mild repulsion field. (EV +2)
A weak demonic guardian rushes to your aid.


Message History

You have reached level 4!
You feel agile.
Your demonic ancestry asserts itself...
You feel the presence of a demonic guardian.
You have reached level 5!
Your demonic ancestry asserts itself...
Your feet thicken and deform.
You start resting.
A hobgoblin comes into view.
A hobgoblin is nearby!
A hobgoblin is nearby!
The hobgoblin shouts!
You hit the hobgoblin.
You kill the hobgoblin!
You start resting.
Your transformation is almost over.
You start resting.
Magic restored.
You start resting.
You feel less wooden.
Your +0 robe unmelds from your body.
You start resting.
Natasha, Servant of Life and Death comes into view.
g - a fizzy white potion
There is a stone staircase leading up here.
You climb upwards.
There is a stone staircase leading down here.
A goblin comes into view. It is wielding a +0 club.
You can't go up here!
You are too injured to fight recklessly!
The goblin shouts!
The goblin hits you with a +0 club.
* * * LOW HITPOINT WARNING * * *
You hit the goblin.
You kill the goblin!
You see here a +0 club.
(D) Dungeon
Where to? (Enter - D:1 @ (x,y), ? - help)
There is an open door here.
There is a staircase leading out of the dungeon here.
Are you sure you want to leave the Dungeon?
This will make you lose the game!
You have escaped!

.######...# #....#...#..P≈≈.##...
.######...###....#...#...........
...†.............................
.................................
...###.....##......#####...#####.
...###.....##.'#≈≈##.......#.....
>.)...........#....#.....#.#.....
...####..###..≈....≈.....#.#.....
....[.#..###..≈.@⌠.≈.[...#.#.....
....#.#.......≈....≈.....#.#.....
..............#....#.....#...###.
.............###≈≈###≈≈###...# #.
.............#.....#....#....###.
.............#.....≈....≈........
.............#.....§.⌠.§§........
....#........#.....≈....§§.......
....#........#.....#§§..#..###...


There were no monsters in sight!

Vanquished Creatures
  Sigmund (D:2)
  2 gnolls (D:1)
  2 dart slugs (D:1)
  An endoplasm (D:2)
  A giant cockroach (D:2)
  5 goblins (D:1)
  4 hobgoblins
  4 jackals (D:1)
  2 quokkas (D:1)
  2 frilled lizards (D:1)
  3 kobolds
  A rat (D:1)
28 creatures vanquished.

Notes
Turn   | Place    | Note
-------+----------+-------------------------------------------
     0 | D:1      | Alarkh the Demonspawn Transmuter began the quest for the
                  | Orb.
     0 | D:1      | Reached XP level 1. HP: 15/15 MP: 3/3
    23 | D:1      | Found Tyckitei's Armour Emporium.
    55 | D:1      | Gained mutation: You are surrounded by a mild repulsion
                  | field. (EV +2) [demonic ancestry]
    55 | D:1      | Reached XP level 2. HP: 16/21 MP: 3/5
   110 | D:1      | Reached skill level 3 in Unarmed Combat
   602 | D:1      | Found a faded altar of an unknown god.
   635 | D:1      | Reached XP level 3. HP: 25/26 MP: 4/6
   677 | D:1      | Learned a level 3 spell: Spider Form
  1319 | D:2      | Noticed Sigmund
  1334 | D:2      | Killed Sigmund
  1335 | D:2      | Reached skill level 4 in Unarmed Combat
  1335 | D:2      | Gained mutation: A weak demonic guardian rushes to your
                  | aid. [demonic ancestry]
  1335 | D:2      | Reached XP level 4. HP: 5/34 MP: 3/8
  1335 | D:2      | Gained mutation: You have large cloven feet. [demonic
                  | ancestry]
  1335 | D:2      | Reached XP level 5. HP: 5/39 MP: 3/9
  1379 | D:2      | Noticed Natasha
  1440 | D:$      | Got out of the dungeon alive.

Illustrated notes

Levels and vault maps discovered:
D:1:      dpeg_arrival_rooms_with_view, layout_basic,
          shapermc_ecumenical_altar_venn, serial_shops, shop,
          serial_bayou_pond_e
D:2:      layout_loops_ring, uniq_terence, uniq_sigmund, uniq_natasha

Skill      XL: |  1  2  3 |
---------------+----------+-----
Unarmed Combat | 3 4 |  4.2
Transmutations | 2 |  2.8
Fighting       | 2 |  2.5
Dodging        | |  1.7
Spellcasting   | |  2.9

Action                   |  1- 3 |  4- 6 || total
-------------------------+-------+-------++-------
Melee: Unarmed           |    78 |     2 ||    80
       Headbutt          |    13 |       ||    13
       Kick              |    20 |       ||    20
       Punch             |     2 |       ||     2
 Cast: Beastly Appendage |    15 |       ||    15
       Spider Form       |     1 |       ||     1
  Use: Potion            |     1 |       ||     1
Armor: Robe              |     5 |       ||     5
       Skin              |     2 |       ||     2
Dodge: Dodged            |    49 |       ||    49

Table legend: (Time is in decaauts)
 A = Elapsed time spent in this place.
 B = Non-inter-level travel time spent in this place.
 C = Inter-level travel time spent in this place.
 D = Time resting spent in this place.
 E = Time spent auto-exploring this place.
 F = Levels seen in this place.
 G = Mean time per level.
                   A        B        C        D        E       F      G
               +--------+--------+--------+--------+--------+-----+--------+
         Total |   1436 |   1372 |     64 |    191 |    959 |   2 |  718.0 |
       Dungeon |   1436 |   1372 |     64 |    191 |    959 |   2 |  718.0 |
               +--------+--------+--------+--------+--------+-----+--------+

Top non-repeatable levels by time:
     D:1: 1324 daAuts
     D:2: 111 daAuts
